 Dungeon Crawl Stone Soup version 0.28.0-45-g0d030f2227 (webtiles) character file.

Game seed: 14888848453062729152

58 issech the Cudgeller (level 3, -2/36 HPs)
             Began as a Troll Monk on Apr 17, 2022.
             Slain by Terence
             ... wielding a +0 flail
              (6 damage)
             ... on level 2 of the Dungeon.
             The game lasted 00:03:33 (1034 turns).

issech the Cudgeller (Troll Monk)                   Turns: 1034, Time: 00:03:33

Health: -2/36      AC:  4    Str: 19    XL:     3   Next: 76%
Magic:  2/2        EV: 10    Int:  6    God:
Gold:   57         SH:  0    Dex: 14    Spells: 2/2 levels left

rFire   . . .      SeeInvis .   a - +0 mace
rCold   . . .      Faith    .   (no shield)
rNeg    . . .      Spirit   .   b - +0 robe
rPois   .          Reflect  .   (helmet restricted)
rElec   .          Harm     .   (no cloak)
rCorr   .          Rampage  .   (gloves unavailable)
Will    .....                   (boots unavailable)
Stlth   ++........              (no amulet)
HPRegen 0.92/turn               (no ring)
MPRegen 0.08/turn               (no ring)

@: no status effects
A: large, unfitting armour, claws 3, regeneration 1, shaggy fur 1, tough skin 1
a: no special abilities


You were on level 2 of the Dungeon.
You visited 1 branch of the dungeon, and saw 2 of its levels.

You collected 57 gold pieces.

Inventory:

Hand Weapons
 a - a +0 mace (weapon)
 f - a +1 dagger of draining
Missiles
 d - 39 stones (quivered)
 e - 9 poisoned darts
Armour
 b - a +0 robe (worn)
Scrolls
 k - a scroll of enchant armour {unknown}
 l - a scroll of holy word {unknown}
Potions
 c - 2 potions of heal wounds {unknown}
 g - a potion of ambrosia {unknown}
 h - a potion of lignification {unknown}
 i - a potion of flight {unknown}
 j - a potion of mutation {unknown}


   Skills:
 + Level 2.7 Fighting
 + Level 3.6 Maces & Flails
 + Level 2.8 Dodging
 + Level 1.1 Stealth


You had 2 spell levels left.
You didn't know any spells.
Your spell library contained the following spells:

 Spells                   Type           Power      Damage    Failure   Level
 Blink                    Tloc           0%         N/A       58%         2
 Manifold Assault         Tloc           0%         N/A       100%        5
 Storm Form               Tmut/Air       0%         N/A       100%        7


Dungeon Overview and Level Annotations

Branches:
Dungeon (2/15)

Altars:

Annotations:
D:2 Terence


Innate Abilities, Weirdness & Mutations

You are too large for most types of armour.
You have claws for hands.
Your natural rate of healing is unusually fast.
You are covered in fur. (AC +1)
You have tough skin. (AC +1)


Message History

Found a stone staircase leading down.
You pick up an Inescapable Atlas and begin reading...
You add the spells Blink, Manifold Assault and Storm Form to your library.
Terence and an adder come into view.
The adder hisses angrily.
The adder bites you but does no damage.
You closely miss the adder. The adder closely misses you.
The adder barely misses you.
You barely miss the adder. The adder bites you but does no damage.
You closely miss the adder. The adder closely misses you.
The adder barely misses you.
You barely miss the adder. The adder bites you.
You closely miss the adder. The adder bites you.
Terence says, "Rest in peace."
The adder bites you.
You hit the adder.
The adder is heavily wounded.
The adder barely misses you.
You thump the adder!
You kill the adder!
Terence closely misses you.
You closely miss Terence. Terence hits you with a +0 flail!
You hit Terence.
Terence is moderately wounded.
Terence barely misses you.
You barely miss Terence.
Terence is moderately wounded.
Terence barely misses you.
You hit Terence.
Terence is heavily wounded.
Terence hits you with a +0 flail! x2
You completely miss Terence.
Terence is heavily wounded.
Terence bares his teeth.
Terence hits you with a +0 flail!
* * * LOW HITPOINT WARNING * * *
You barely miss Terence.
Terence is heavily wounded.
Terence hits you with a +0 flail.
You die...

.........#
........##
##......### ##.
######...< ##
#.... ##### ...
..# ..>### #..# ##
...## #...#
#####....
####..##..#.#
#@@...#
#...#....##.#
#.#####
#...<...###.# ##.#
#...###.###.###..#
....#
#.....##..#####. #
#####
#####..#.#......#
### #
#......######
###.. # ##....###
###...#
##..#...###
####...###


You could see Terence.

Vanquished Creatures
  2 adders (D:2)
  5 bats
  2 endoplasms (D:1)
  5 goblins (D:1)
  4 hobgoblins (D:1)
  2 quokkas
  5 ball pythons (D:1)
  9 kobolds
  5 rats (D:1)
39 creatures vanquished.

Notes
Turn   | Place    | Note
-------+----------+-------------------------------------------
     0 | D:1      | issech the Troll Monk began the quest for the Orb.
     0 | D:1      | Reached XP level 1. HP: 22/22 MP: 0/0
   147 | D:1      | Reached XP level 2. HP: 29/29 MP: 1/1
   169 | D:1      | Reached skill level 3 in Maces & Flails
   205 | D:1      | Found a faded altar of an unknown god.
   433 | D:1      | Reached XP level 3. HP: 33/35 MP: 2/2
  1020 | D:2      | Noticed Terence
  1034 | D:2      | Slain by Terence

Illustrated notes

Levels and vault maps discovered:
D:1:      dpeg_chamrin_arrival_tetris, layout_rooms,
          nicolae_ecumenical_snake_handling, minmay_surrounded
D:2:      layout_rooms, minmay_quantized, uniq_terence

Skill      XL: |  1  2 |
---------------+-------+-----
Maces & Flails | 3 |  3.6
Fighting       | |  2.7
Dodging        | |  2.8
Stealth        | |  1.1

Action                   || total
-------------------------++-------
Melee: Mace              ||   117
Armor: Robe              ||    64
Dodge: Dodged            ||   119
